 Dungeon Crawl Stone Soup version 0.29.1-12-g30fa7ad0bf (webtiles) character file.

Game seed: 4977134042628824732

181 Radix the Sneak (level 5, -9/29 HPs)
             Began as a Deep Elf Brigand on Jan 16, 2023.
             Killed by divine providence
             ... invoked by an orc priest
              (11 damage)
             ... on level 3 of the Dungeon.
             The game lasted 00:12:53 (3361 turns).

Radix the Sneak (Deep Elf Brigand)                  Turns: 3361, Time: 00:12:54

Health: -9/29      AC:  4    Str:  8    XL:     5   Next: 34%
Magic:  7/7        EV: 12    Int: 18    God:
Gold:   119        SH:  0    Dex: 16    Spells: 4/4 levels left

rFire   . . .      SeeInvis .   m - +4 short sword
rCold   . . .      Faith    .   (no shield)
rNeg    . . .      Spirit   .   b - +0 robe
rPois   .          Reflect  .   (no helmet)
rElec   .          Harm     .   c - +1 cloak
rCorr   .          Rampage  .   (no gloves)
Will    .....                   (no boots)
Stlth   +++.......              (no amulet)
HPRegen 0.09/turn               (no ring)
MPRegen 0.10/turn               (no ring)

@: no status effects
A: no striking features
a: no special abilities


You were on level 3 of the Dungeon.
You visited 1 branch of the dungeon, and saw 3 of its levels.

You collected 119 gold pieces.

Inventory:

Hand Weapons
 a - a +2 dagger
 i - a +0 sling
 m - a +4 short sword (weapon)
Missiles
 d - a poisoned dart (quivered)
 e - 3 curare-tipped darts
Armour
 b - a +0 robe (worn)
 c - a +1 cloak (worn)
Jewellery
 f - an amulet of magic regeneration
Scrolls
 h - a scroll of teleportation {unknown}
 l - a scroll of amnesia {unknown}
 o - 2 scrolls of silence
Potions
 j - a potion of haste {unknown}
 k - a potion of heal wounds {unknown}
 q - a potion of berserk rage {unknown}


   Skills:
 - Level 1.5 Fighting
 + Level 4.2 Short Blades
 + Level 4.1 Throwing
 - Level 1.2 Dodging
 - Level 4.8 Stealth


You had 4 spell levels left.
You didn't know any spells.
Your spell library was empty.

Dungeon Overview and Level Annotations

Branches:
Dungeon (3/15)

Altars:
Okawaru

Shops:
D:3 (


Message History

The goblin hits you but does no damage.
You closely miss the goblin. The goblin barely misses you.
The orc priest invokes the aid of Beogh against you.
Beogh smites you!
You hit the goblin.
The goblin is heavily wounded.
You hit the goblin but do no damage.
The goblin is heavily wounded.
The goblin barely misses you.
You hit the goblin.
You kill the goblin!
You puncture the orc!
You kill the orc!
You closely miss the orc priest.
The orc priest hits you but does no damage.
You hit the orc priest.
The orc priest is lightly wounded.
The orc priest hits you with a +1 vorpal hand axe.
You hit the orc priest.
The orc priest is heavily wounded.
The orc priest completely misses you.
You closely miss the orc priest.
The orc priest is heavily wounded.
You hit the orc priest.
The orc priest is severely wounded.
The orc priest calls down the wrath of Beogh upon you.
Pain shoots through your body!
* * * LOW HITPOINT WARNING * * *
It was a potion of curing.
You feel better.
The orc priest mumbles some strange prayers to Beogh against you.
Beogh smites you!
* * * LOW HITPOINT WARNING * * *
You closely miss the orc priest.
The orc priest is severely wounded.
The orc priest closely misses you.
You completely miss the orc priest.
The orc priest is severely wounded.
The orc priest mumbles some strange prayers to Beogh against you.
Beogh smites you!
You die...

#........#.......# ##.#
#........#.......# #)#
#.###.#.##.......# #.#
#.##..#.##.......# #.#
#.##.##.#####.#### #.#
#.##.......##.#########.#
#.......##.##..).))รท.##.#
####..####.#######......##
#(...o@.# #.#.####.
#..#.##.# #.#......
#..#.##.#######)#.##...
#....)o.g...........#.#....
#.###(#.###.#..............
.o#.# .#...#####.#....
#.(... .#...# #.##...
..(..## ##...# #......
#.(g### #...# ######.


You could see an orc priest.

Vanquished Creatures
  A hound (D:3)
  An orc wizard (D:3)
  4 adders
  2 worms
  10 orcs (D:3)
  6 ball pythons
  5 endoplasms
  4 giant cockroaches
  7 goblins
  6 hobgoblins
  5 jackals (D:2)
  5 quokkas
  5 bats
  A frilled lizard (D:1)
  A kobold (D:1)
  7 rats
70 creatures vanquished.

Notes
Turn   | Place    | Note
-------+----------+-------------------------------------------
     0 | D:1      | Radix the Deep Elf Brigand began the quest for the Orb.
     0 | D:1      | Reached XP level 1. HP: 12/12 MP: 3/3
   631 | D:1      | Reached XP level 2. HP: 16/16 MP: 4/4
  1252 | D:2      | Reached XP level 3. HP: 18/20 MP: 5/5
  2499 | D:3      | Reached XP level 4. HP: 25/25 MP: 6/6
  2577 | D:3      | Found Jyifar's Antique Weapon Shop.
  2798 | D:3      | Found an iron altar of Okawaru.
  2946 | D:3      | Reached XP level 5. HP: 16/29 MP: 7/7
  3361 | D:3      | Killed from afar by an orc priest

Illustrated notes

Levels and vault maps discovered:
D:1:      dpeg_arrival_concentric_ovals, layout_rooms
D:2:      layout_rooms
D:3:      layout_loops_cross, kennysheep_okawaru_gauntlet, serial_shops, shop

Skill      XL: |  1  2  3  4 |
---------------+-------------+-----
Short Blades   | 3 4 |  4.2
Throwing       | 3 4 |  4.1
Fighting       | |  1.5
Dodging        | |  1.2
Stealth        | |  4.8

Action                   |  1- 3 |  4- 6 || total
-------------------------+-------+-------++-------
Melee: Dagger            |   131 |    39 ||   170
       Short sword       |       |    58 ||    58
 Fire: Sling             |       |     7 ||     7
Throw: Dart              |     4 |    15 ||    19
  Use: Scroll            |     7 |       ||     7
       Potion            |       |     1 ||     1
 Stab: Sleeping          |    14 |     2 ||    16
Armor: Robe              |    33 |    16 ||    49
Dodge: Dodged            |    85 |    41 ||   126
